 Dungeon Crawl Stone Soup version 0.27-a0-1200-g94dc6ad4cf (webtiles) character file.

Game seed: 5375792119023920188

156 freelancePsychic the Distorting Demonspawn (level 5, -3/41 HPs)
             Began as a Demonspawn Abyssal Knight on June 2, 2021.
             Was a Believer of Lugonu.
             Slain by an orc warrior
             ... wielding a +0 glaive
              (16 damage)
             ... on level 5 of the Dungeon.
             The game lasted 00:05:12 (3823 turns).

freelancePsychic the Distorting Demonspawn (DsAK)   Turns: 3823, Time: 00:05:13

Health: -3/41      AC:  7    Str: 14    XL:     5   Next: 14%
Magic:  8/8        EV: 10    Int: 13    God:    Lugonu [**....]
Gold:   223        SH:  0    Dex: 12    Spells: 4/4 levels left

rFire    . . .     SeeInvis .   a - +1 spear
rCold    . . .     Faith    +   (no shield)
rNeg     . . .     Spirit   .   e - +1 ring mail
rPois    .         Reflect  .   (no helmet)
rElec    .         Harm     .   j - +0 cloak
rCorr    .         Rampage  .   (no gloves)
Will     .....                  (no boots)
Stlth    +.........             h - amulet of faith
HPRegen  0.13/turn              (no ring)
MPRegen  0.11/turn              (no ring)

@: no status effects
A: hooves 1, demonic guardian 1
a: Renounce Religion, Depart the Abyss, Bend Space


You were on level 5 of the Dungeon.
You worshipped Lugonu.
Lugonu was pleased with you.
You visited 1 branch of the dungeon, and saw 5 of its levels.
You visited the Abyss 1 time.

You collected 223 gold pieces.

Inventory:

Hand Weapons
 a - a +1 spear (weapon)
Missiles
 f - 3 poisoned darts (quivered)
Armour
 e - a +1 ring mail (worn)
 j - a +0 cloak (worn)
Jewellery
 h - an amulet of faith (around neck)
Scrolls
 c - a scroll of identify {@r1}
 d - a scroll of noise
 g - a scroll of teleportation {@r4}
Potions
 i - a potion of invisibility
 k - a potion of berserk rage {unknown}


   Skills:
 - Level 3.0 Fighting
 * Level 4.1 Polearms
 - Level 1.7 Armour
 - Level 0.8 Dodging
 + Level 4.4 Invocations


You had 4 spell levels left.
You didn't know any spells.
Your spell library contained the following spells:

 Spells                   Type           Power      Damage    Failure   Level
 Magic Dart               Conj           0%         1d3       52%         1
 Sandblast                Erth           0%         2d4       52%         1
 Shock                    Conj/Air       0%         1d3       52%         1
 Passwall                 Tmut/Erth      0%         N/A       67%         2
 Searing Ray              Conj           0%         3d3       67%         2
 Static Discharge         Conj/Air       0%         N/A       67%         2
 Confusing Touch          Hex            0%         N/A       88%         3
 Dazzling Flash           Conj/Hex       0%         N/A       88%         3
 Gell's Gravitas          Tloc           0%         N/A       88%         3
 Stone Arrow              Conj/Erth      0%         3d7       88%         3
 Swiftness                Air            0%         N/A       88%         3
 Airstrike                Air            0%         N/A       99%         4
 Fulminant Prism          Conj/Hex       0%         3d6       99%         4
 Iskenderun's Mystic Bla  Conj/Tloc      0%         2d3       99%         4
 Petrify                  Tmut/Erth      0%         N/A       99%         4
 Lee's Rapid Deconstruct  Erth           0%         3d5*      100%        5
 Lightning Bolt           Conj/Air       0%         1d11      100%        5
 Metabolic Englaciation   Hex/Ice        0%         N/A       100%        5
 Yara's Violent Unravell  Hex/Tmut       0%         3d3       100%        5


Dungeon Overview and Level Annotations

Branches:
Dungeon (5/15)
 Temple: D:4-7

Altars:

Annotations:
D:3 Grinder, Terence


Innate Abilities, Weirdness & Mutations

You have large cloven feet.
A weak demonic guardian rushes to your aid.


Message History

The poisoned dart hits the orc warrior.
The orc warrior is lightly wounded.
The orc warrior is no longer blind.
Throw: 8 darts (poison)
Press: ? - help, Q - select action, (/) - cycle Shift-Dir - straight line, f/p - orc warrior
Aim: an orc warrior, wielding a +0 glaive and wearing a +0 plate armour (lightly wounded, poisoned, 57% to hit)
You throw a poisoned dart. The poisoned dart hits the orc.
The orc is poisoned.
The orc closely misses you.
You hit the orc but do no damage. You kick the orc.
The orc is lightly wounded.
The orc warrior hits you from afar with a +0 glaive!
The orc misses you.
The orc warrior looks more healthy.
Throw: 7 darts (poison)
Press: ? - help, Q - select action, (/) - cycle Shift-Dir - straight line, f/p - orc warrior
Aim: an orc warrior, wielding a +0 glaive and wearing a +0 plate armour (moderately wounded, 57% to hit)
You throw a poisoned dart. The poisoned dart hits the orc warrior.
The orc warrior is poisoned.
The orc warrior is moderately wounded.
Throw: 6 darts (poison)
Press: ? - help, Q - select action, (/) - cycle Shift-Dir - straight line, f/p - orc warrior
Aim: an orc warrior, wielding a +0 glaive and wearing a +0 plate armour (heavily wounded, poisoned, 57% to hit)
You throw a poisoned dart. The poisoned dart hits the orc warrior.
The orc warrior is heavily wounded.
The orc warrior hits you from afar with a +0 glaive.
Throw: 5 darts (poison)
Press: ? - help, Q - select action, (/) - cycle Shift-Dir - straight line, f/p - orc warrior
Aim: an orc warrior, wielding a +0 glaive and wearing a +0 plate armour (heavily wounded, 57% to hit)
You throw a poisoned dart. The poisoned dart hits the orc warrior.
The orc warrior is heavily wounded.
The orc warrior hits you from afar with a +0 glaive!!
* * * LOW HITPOINT WARNING * * *
Throw: 4 darts (poison)
Press: ? - help, Q - select action, (/) - cycle Shift-Dir - straight line, f/p - orc warrior
Aim: an orc warrior, wielding a +0 glaive and wearing a +0 plate armour (heavily wounded, 57% to hit)
You throw a poisoned dart.
The poisoned dart barely misses the orc warrior.
The poisoned dart completely misses the orc. x2
The orc warrior hits you from afar with a +0 glaive!
You die...

#...# #...# #...#
###.# #.# #.# ####
#)# #.. #.# #.# #.#
#@# #.# #.# #.# #o#
########.. #.# #o#
#.o.(oo((( #.# #(#
##.#######. #.#
#o######(..###### #.#
#(...oo.......... #.#
########.........
#>#######......)..#.#


You could see an orc warrior and 2 orcs.

Vanquished Creatures
  A water moccasin skeleton (D:4)
  An orc wizard (D:4)
  2 adder skeletons (D:4)
  2 dart slugs
  7 orcs
  A ball python (D:2)
  3 endoplasms
  4 goblins
  A hobgoblin (D:1)
  3 jackals (D:4)
  7 kobolds
  6 quokkas
  5 bats
  5 frilled lizards
  4 rats
52 creatures vanquished.

Vanquished Creatures (collateral kills)
  An orc wizard (D:4)
1 creature vanquished.

Grand Total: 53 creatures vanquished

Notes
Turn   | Place    | Note
-------+----------+-------------------------------------------
     0 | Abyss:1  | freelancePsychic the Demonspawn Abyssal Knight began the
                  | quest for the Orb.
     0 | Abyss:1  | Reached XP level 1. HP: 18/18 MP: 2/2
    60 | Abyss:1  | Noticed an ancient zyme
    62 | D:1      | Escaped the Abyss
   143 | D:1      | Reached * piety under Lugonu
   494 | D:1      | Gained mutation: A weak demonic guardian rushes to your
                  | aid. [demonic ancestry]
   494 | D:1      | Reached XP level 2. HP: 24/24 MP: 4/4
  1374 | D:2      | Found a faded altar of an unknown god.
  1812 | D:3      | Reached XP level 3. HP: 26/29 MP: 5/5
  1970 | D:3      | Reached ** piety under Lugonu
  2009 | D:3      | Noticed Terence
  2166 | D:3      | Noticed Grinder
  2729 | D:4      | Gained mutation: You have large cloven feet. [demonic
                  | ancestry]
  2729 | D:4      | Reached XP level 4. HP: 21/35 MP: 5/7
  3310 | D:4      | Reached XP level 5. HP: 14/41 MP: 8/8
  3745 | D:5      | Entered Level 5 of the Dungeon
  3795 | D:5      | Noticed an orc warrior
  3823 | D:5      | Slain by an orc warrior

Illustrated notes

Levels and vault maps discovered:
D:1:      nicolae_arrival_memento_mori, layout_rooms, nrook_loot_triangle
D:2:      layout_loops_ring, hellmonk_ecumenical_altar_arch_garden,
          corexii_leaking_fountain
D:3:      layout_rooms, uniq_grinder, uniq_terence
D:4:      layout_gridville
D:5:      layout_loops_ring, grunt_temple_overflow_diamond,
          amcnicky_mini_rare_corridor_liquid, grunt_decor_one_mirror,
          serial_bayou_pond_d, uniq_duvessa

Skill      XL: |  1  2  3  4 |
---------------+-------------+-----
Polearms       | 2 3 4 |  4.1
Invocations    | 3 4 |  4.4
Fighting       | |  3.0
Armour         | |  1.7
Dodging        | |  0.8

Action                   |  1- 3 |  4- 6 || total
-------------------------+-------+-------++-------
Melee: Spear             |   190 |    43 ||   233
       Kick              |       |     9 ||     9
Throw: Dart              |       |    11 ||    11
Invok: Depart the Abyss  |     1 |       ||     1
  Use: Scroll            |     6 |     1 ||     7
Armor: Ring mail         |    46 |    10 ||    56
       Leather armour    |     1 |       ||     1
Dodge: Dodged            |    81 |    12 ||    93

Table legend: (Time is in decaauts)
 A = Elapsed time spent in this place.
 B = Non-inter-level travel time spent in this place.
 C = Inter-level travel time spent in this place.
 D = Time resting spent in this place.
 E = Time spent auto-exploring this place.
 F = Levels seen in this place.
 G = Mean time per level.
                   A        B        C        D        E       F      G
               +--------+--------+--------+--------+--------+-----+--------+
         Total |   3814 |   3634 |    180 |    205 |   2953 |   6 |  635.7 |
       Dungeon |   3751 |   3571 |    180 |    205 |   2894 |   5 |  750.2 |
         Abyss |     62 |     62 |      0 |      0 |     59 |   1 |   62.0 |
               +--------+--------+--------+--------+--------+-----+--------+

Top non-repeatable levels by time:
     D:4: 1462 daAuts
     D:2: 910 daAuts
     D:1: 786 daAuts
     D:3: 515 daAuts
     D:5: 77 daAuts
 Abyss:1: 62 daAuts
